 Dungeon Crawl Stone Soup version 0.31.0-32-g396128a36d (webtiles) character file.

Game seed: 17174576194008137868

6915 PaiMei the Artisan of Death (level 10, 0/80 HPs)
             Began as a Demonspawn Necromancer on Apr 22, 2024.
             Was a Priest of Kikubaaqudgha.
             Slain by a two-headed ogre
             ... wielding a +0 giant club
              (16 damage)
             ... on level 9 of the Dungeon.
             The game lasted 00:17:42 (12522 turns).

PaiMei the Artisan of Death (DsNe)                 Turns: 12522, Time: 00:17:42

Health: 0/80       AC:  9    Str:  9    XL:     10   Next: 79%
Magic:  2/21       EV: 20    Int: 20    God:    Kikubaaqudgha [***...]
Gold:   475        SH:  0    Dex: 13    Spells: 16/24 levels left

rFire   . . .        R - +4 flail of Sloth {venom, rC+}
rCold   + + .        (no shield)
rNeg    . . .        G - +2 robe {rC+}
rPois   .            f - +0 helmet
rElec   .            (no cloak)
rCorr   .            t - +0 pair of gloves
SInv    .            S - +0 pair of boots
Will    .....        (no amulet)
Stlth   ++           P - +5 ring of evasion
HPRegen 0.33/turn    k - ring of wizardry
MPRegen 0.17/turn

%: wizardry (x1)
@: slowed, very slow
A: thin metallic scales 1, foul stench 1, demonic magic 1, weakness stinger 2
a: Renounce Religion, Unearth Wretches


You were on level 9 of the Dungeon.
You worshipped Kikubaaqudgha.
Kikubaaqudgha was most pleased with you.
You visited 2 branches of the dungeon, and saw 10 of its levels.

You collected 556 gold pieces.
You spent 81 gold pieces at shops.

Inventory:

Hand Weapons
 n - a +1 dagger of speed
 s - a +1 short sword of venom
 w - the +7 flail "Rifyuk" {flame, *Rage rF++ Dex+4}
   (You found it on level 3 of the Dungeon)

   Dex+4:     It affects your dexterity (+4).
   rF++:      It greatly protects you from fire.
   *Rage:     It berserks you when you make melee attacks (+20% chance).
 H - a +3 flail of freezing
 K - a +4 trident of draining
 Q - a +3 war axe
 R - the +4 flail of Sloth (weapon) {venom, rC+}
   (You found it on level 8 of the Dungeon)

   rC+:       It protects you from cold.
Missiles
 D - 6 curare-tipped darts (quivered)
 J - 2 throwing nets
 O - 9 poisoned darts
Armour
 f - a +0 helmet (worn)
 t - a +0 pair of gloves (worn)
 G - a +2 robe of cold resistance (worn)
 L - an orb of energy
 M - a +2 robe of fire resistance
 S - a +0 pair of boots (worn)
Magical Staves
 a - a staff of death
Jewellery
 h - a ring of willpower
 k - a ring of wizardry (right hand)
 v - a ring of protection from cold
 y - a ring of protection from fire
 P - a +5 ring of evasion (left hand)
Wands
 d - a wand of digging (3)
 B - a wand of mindburst (16)
Scrolls
 c - 3 scrolls of fear
 g - a scroll of butterflies {unknown}
 i - a scroll of torment
 j - 3 scrolls of immolation
 l - 3 scrolls of enchant weapon
 p - 4 scrolls of teleportation
 q - a scroll of enchant armour {unknown}
 r - 3 scrolls of revelation
 u - a scroll of blinking {unknown}
 C - a scroll of noise {unknown}
 E - a scroll of poison {unknown}
 I - 3 scrolls of fog
 N - a scroll of silence {unknown}
Potions
 b - 4 potions of magic
 e - 3 potions of haste
 m - 3 potions of enlightenment
 o - 3 potions of attraction
 x - a potion of cancellation {unknown}
 z - 2 potions of might {unknown}
 A - 3 potions of berserk rage {unknown}
 F - a potion of heal wounds {unknown}


   Skills:
 + Level 8.2 Fighting
 + Level 7.8 Dodging
 - Level 2.0 Stealth
 + Level 7.9 Spellcasting
 + Level 10.2 Necromancy


You had 16 spell levels left.
You knew the following spells:

 Your Spells              Type           Power      Damage    Failure   Level
a - Necrotise             Necr           100%       1d9       1%          1
b - Vampiric Draining     Necr           48%        2d9       1%          3
c - Animate Dead          Necr           48%        N/A       1%          4

Your spell library contained the following spells:

 Spells                   Type           Power      Damage    Failure   Level
 Kiss of Death            Conj/Necr      100%       2d13      1%          1
 Cigotuvi's Dreadful Rot  Necr/Alch/Air  42%        N/A       1%          2
 Fugue of the Fallen      Necr           48%        N/A       1%          3
 Curse of Agony           Necr           48%        N/A       1%          5
 Magic Dart               Conj           28%        1d4       3%          1
 Martyr's Knell           Necr/Summ      28%        N/A       4%          4
 Lesser Beckoning         Tloc           14%        N/A       5%          2
 Searing Ray              Conj           14%        2d5       5%          2
 Death Channel            Necr           24%        N/A       9%          6
 Gell's Gravitas          Tloc           7%         N/A       11%         3
 Teleport Other           Tloc           7%         N/A       11%         3
 Borgnjor's Vile Clutch   Necr/Erth      14%        N/A       12%         5
 Fulminant Prism          Conj/Alch      3%         3d5       32%         4


Dungeon Overview and Level Annotations

Branches:
Dungeon (9/15)             Temple (1/1) D:4
   Lair: D:8-11         Orc: D:9-12

Altars:
Ashenzari
Dithmenos
Fedhas
Gozag
Hepliaklqana
Kikubaaqudgha
Makhleb
Nemelex Xobeh
Okawaru
Qazlal
Ru
Sif Muna
Trog
Uskayaw
Vehumet
Wu Jian
Xom
Yredelemnul

Shops:
D:2 [   D:4 *   D:8 (?!

Annotations:
D:5 2 transporters, LukeNinja's ghost, amateur DrCj


Innate Abilities, Weirdness & Mutations

You are partially covered in thin metallic scales. (AC +2)
You may rarely emit foul miasma when damaged in melee.
Spells you cast may paralyse adjacent enemies.
You have a tail ending in a sharp stinger.


Message History

Okay, then.
As you read the scroll of teleportation, it crumbles to dust.
You feel strangely unstable. The killer bee misses you.
The killer bee completely misses you. The killer bee barely misses you.
The killer bee closely misses you.
The killer bee stings you but does no damage.
The killer bee stings you.
* * * LOW HITPOINT WARNING * * *
The wraith barely misses you.
The killer bee completely misses you. x2
The killer bee misses you. The wraith barely misses you.
Casting: Vampiric Draining (safe; 1% risk of failure)
Confirm with . or Enter, or press ? or * to list all spells.
Aiming: Vampiric Draining (safe; 1% risk of failure)
Press: ? - help, Shift-Dir - straight line, f/p - killer bee
Aim: a killer bee (almost dead)
You draw life force from the killer bee!
You kill the killer bee!
Kikubaaqudgha accepts your kill.
You feel life coursing into your body. Malevolent energies surge around you.
Your surroundings suddenly seem different.
A two-headed ogre and a hornet come into view.
Found a stone staircase leading down.
The two-headed ogre shouts in stereo!
Casting: Vampiric Draining (safe; 1% risk of failure)
Confirm with . or Enter, or press ? or * to list all spells.
You don't have enough magic to cast this spell.
Unknown command.
As you read the scroll of fear, it crumbles to dust.
You assume a fearsome visage.
The two-headed ogre looks frightened!
The hornet looks frightened!
The hornet buzzes angrily.
The two-headed ogre seems to regain its courage.
Casting: Vampiric Draining (safe; 1% risk of failure)
Confirm with . or Enter, or press ? or * to list all spells.
You don't have enough magic to cast this spell.
You hit the two-headed ogre but do no damage.
The two-headed ogre is poisoned.
The two-headed ogre closely misses you. x2
The two-headed ogre hits you with a +0 giant club!
You die...
Kikubaaqudgha rasps: "You have failed me!
Welcome... death!"

#...##...........
#...##...........
#...##...........
#...##...........
#...##...........
#...##...........
#...##...........
#..####...##......[....
#.....@...##...........
......O....##...........
##.........##..........รท
##........##...........
##.>.....##.....[.....
#.......##...).......
#.......##...........
####....##...........
#...........


You could see a two-headed ogre (very poisoned).

Vanquished Creatures
  2 two-headed ogres
  Pikel (D:4)
  Joseph (D:8)
  Jeremiah (D:7)
  A hornet (D:8)
  Sigmund (D:6)
  A slime creature (D:9)
  2 wyverns
  A yak (D:9)
  3 sky beasts
  An orc warrior (D:8)
  3 black bears
  A centaur (D:5)
  A kobold brigand (D:7)
  A phantom (D:6)
  5 bullfrogs
  A scorpion (D:3)
  8 wights
  13 killer bees
  2 howler monkeys
  2 bombardier beetles (D:5)
  8 orc priests
  A gnoll bouda (D:7)
  3 hounds
  A jelly (D:5)
  3 sleepcaps
  Jessica (D:2)
  Natasha (thrice) (D:2)
  8 iguanas
  5 orc wizards
  6 gnolls
  5 adders
  3 white imps
  An ufetubus (D:6)
  4 dart slugs
  A ribbon worm (D:2)
  23 orcs
  4 bats
  7 endoplasms
  3 giant cockroaches
  8 goblins
  5 hobgoblins
  22 kobolds
  4 quokkas
  4 ball pythons
  A frilled lizard (D:1)
  4 rats
190 creatures vanquished.

Vanquished Creatures (collateral kills)
  A wraith (D:9)
  A bullfrog (D:9)
  An orc wizard (D:9)
  A shadow imp (D:5)
  3 orcs
  A goblin (D:1)
  A hobgoblin (D:1)
  A rat (D:3)
10 creatures vanquished.

Vanquished Creatures (others)
  A two-headed ogre zombie (D:9)
1 creature vanquished.

Grand Total: 201 creatures vanquished

Notes
Turn   | Place    | Note
-------+----------+-------------------------------------------
     0 | D:1      | PaiMei the Demonspawn Necromancer began the quest for the
                  | Orb.
     0 | D:1      | Reached XP level 1. HP: 13/13 MP: 3/3
   394 | D:1      | Gained mutation: Spells you cast may paralyse adjacent
                  | enemies. [demonic ancestry]
   394 | D:1      | Reached XP level 2. HP: 19/19 MP: 1/5
  1234 | D:1      | Reached XP level 3. HP: 25/25 MP: 2/6
  1334 | D:1      | Found a faded altar of an unknown god.
  1652 | D:2      | Reached skill level 1 in Fighting
  1765 | D:2      | Noticed Jessica
  1777 | D:2      | Killed Jessica
  1778 | D:2      | Gained mutation: You may rarely emit foul miasma when
                  | damaged in melee. [demonic ancestry]
  1778 | D:2      | Reached XP level 4. HP: 13/32 MP: 2/8
  1900 | D:2      | Reached skill level 5 in Necromancy
  1954 | D:2      | Found Alocayck's Antique Armour Shoppe.
  2336 | D:2      | Found a burning altar of Makhleb.
  2404 | D:2      | Noticed Natasha
  2464 | D:2      | Killed Natasha
  2465 | D:2      | Gained mutation: You are partially covered in thin metallic
                  | scales. (AC +2) [demonic ancestry]
  2465 | D:2      | Reached XP level 5. HP: 32/38 MP: 5/9
  2519 | D:2      | Noticed Natasha
  2522 | D:2      | Killed Natasha
  2617 | D:2      | Noticed Natasha
  2625 | D:2      | Killed Natasha
  3113 | D:3      | Identified the +7 flail "Rifyuk" {flame, *Rage rF++ Dex+4}
  3322 | D:3      | Learned a level 3 spell: Vampiric Draining
  3530 | D:3      | Reached XP level 6. HP: 34/46 MP: 1/11
  3707 | D:3      | Found a sacrificial altar of Ru.
  4072 | D:4      | Noticed Pikel
  4400 | D:4      | Killed Pikel
  4401 | D:4      | Reached skill level 6 in Necromancy
  4401 | D:4      | Gained mutation: You have a small tail. [demonic ancestry]
  4401 | D:4      | Reached XP level 7. HP: 21/54 MP: 0/13
  5064 | D:4      | Found Yllitaw's Overcharged Wands.
  5077 | D:4      | Found a blossoming altar of Fedhas.
  5153 | D:4      | Found a staircase to the Ecumenical Temple.
  5252 | Temple   | Entered the Ecumenical Temple
  5274 | Temple   | Became a worshipper of Kikubaaqudgha
  5329 | D:5      | Entered Level 5 of the Dungeon
  5339 | D:5      | Learned a level 4 spell: Animate Dead
  5764 | D:5      | Reached XP level 8. HP: 23/60 MP: 8/15
  6343 | D:5      | Noticed LukeNinja's ghost (amateur DrCj)
  6548 | D:5      | Found a transporter.
  6585 | D:5      | Found a transporter.
  6682 | D:6      | Reached skill level 7 in Necromancy
  6886 | D:6      | Noticed Sigmund
  6920 | D:6      | Reached skill level 5 in Spellcasting
  6923 | D:6      | Killed Sigmund
  6924 | D:6      | Reached skill level 5 in Dodging
  6992 | D:6      | Reached skill level 5 in Fighting
  7041 | D:6      | Noticed a two-headed ogre
  7057 | D:6      | Killed a two-headed ogre
  7058 | D:6      | Gained mutation: You have a tail ending in a sharp stinger.
                  | [demonic ancestry]
  7058 | D:6      | Reached XP level 9. HP: 68/68 MP: 5/17
  7166 | D:6      | Found a shimmering blue altar of Sif Muna.
  7255 | D:6      | Reached skill level 8 in Necromancy
  7362 | D:6      | Found a radiant altar of Vehumet.
  7948 | D:6      | Reached * piety under Kikubaaqudgha
  7948 | D:6      | Received a gift from Kikubaaqudgha
  8905 | D:7      | Reached ** piety under Kikubaaqudgha
  9236 | D:7      | Noticed Jeremiah
  9253 | D:7      | Killed Jeremiah
  9254 | D:7      | Reached skill level 9 in Necromancy
  9797 | D:8      | Reached XP level 10. HP: 70/79 MP: 16/20
  9832 | D:8      | Found Xavapter's Distillery.
  9854 | D:8      | Bought a potion of curing for 42 gold pieces
 10043 | D:8      | Identified the +4 flail of Sloth {venom, rC+}
 10106 | D:8      | Noticed Joseph
 10418 | D:8      | Paralysed by a hornet for 2 turns
 10422 | D:8      | Paralysed by a hornet for 3 turns
 10917 | D:8      | Found Golagoew's Magic Scroll Emporium.
 11039 | D:8      | Killed Joseph
 11131 | D:8      | Bought a scroll of teleportation for 39 gold pieces
 11170 | D:8      | Found Zecsaoho's Antique Weapon Emporium.
 11865 | D:9      | Noticed a two-headed ogre
 11883 | D:9      | Killed a two-headed ogre
 11884 | D:9      | Reached skill level 10 in Necromancy
 12103 | D:9      | Reached *** piety under Kikubaaqudgha
 12103 | D:9      | Received a gift from Kikubaaqudgha
 12515 | D:9      | Noticed a two-headed ogre
 12522 | D:9      | Slain by a two-headed ogre

Illustrated notes

Levels and vault maps discovered:
D:1:      lightli_arrival_boilingwater, layout_basic,
          dreamdust_ecumenical_altar_hidden_monk_grotto, kennysheep_minor_cross
D:2:      layout_loops_cross, serial_shops, shop, basic_altar,
          supply_closet_lemuel, kennysheep_generic_room_7, uniq_natasha,
          uniq_jessica
D:3:      layout_loops_cross, lemuel_coloured_pillars_altar
D:4:      layout_cave_pools, nicolae_overflow_hidden_temple, temple_hall,
          serial_co_window_serial, co_window_cross_1, co_window_paths_a,
          co_window_paths_a, co_window_paths_a, co_window_paths_b,
          co_window_unsneaky_path_c, co_window_unsneaky_path_b,
          co_window_corner_ca, co_window_2corner, glass_columns_c,
          glass_columns_a, nicolae_shop_overcharged_wands, uniq_pikel
D:5:      layout_basic, gammafunk_ghost_stat_death, corexii_leaking_fountain
D:6:      kb_forest_paths, layout_gridville, mainiacjoe_overflow_24_doors,
          amcnicky_altar_gilded, uniq_sigmund
D:7:      layout_rooms, uniq_jeremiah
D:8:      layout_rooms, serial_shops, nicolae_shop_crystal, shop, shop,
          interstate_on_off, uniq_joseph
D:9:      hangedman_cross_veins, layout_small_grid,
          chequers_serial_rivers_micro_d, dk_vineyard_1
Temple:   nicolae_temple_bog_church

Skill      XL: |  1  2  3  4  5  6  7  8  9 10 |
---------------+-------------------------------+-----
Stealth        | 2 |  2.0
Dodging        | 2 3 4 5 6 7 |  7.8
Fighting       | 1 2 4 5 7 8 |  8.2
Necromancy     | 5 6 7 9 10 | 10.2
Spellcasting   | 3 4 5 6 7 |  7.9

Action                     |  1- 3 |  4- 6 |  7- 9 | 10-12 || total
---------------------------+-------+-------+-------+-------++-------
  Melee: Unarmed           |     3 |       |       |       ||     3
         Short sword       |     7 |     8 |       |       ||    15
         Flail             |       |    22 |   102 |    72 ||   196
         Punch             |       |     1 |     1 |     1 ||     3
         Tailslap          |       |       |    11 |    12 ||    23
   Cast: Necrotise         |    71 |    77 |    80 |    20 ||   248
         Vampiric Draining |       |     9 |    48 |    43 ||   100
         Animate Dead      |       |       |     1 |     1 ||     2
    Use: Scroll            |       |       |       |    12 ||    12
         Potion            |       |       |       |     2 ||     2
   Stab: Paralysed         |     2 |     9 |    20 |    10 ||    41
         Distracted        |       |       |       |     1 ||     1
 Armour: Robe              |    13 |    29 |   125 |    75 ||   242
  Dodge: Dodged            |    11 |    36 |   152 |   163 ||   362
